 Dungeon Crawl Stone Soup version 0.27-b1-42-g19c61b19a5 (webtiles) character file.

Game seed: 14169038644058320430

17 Crownlay the Chiller (level 2, 0/20 HPs)
             Began as a Gnoll Ice Elementalist on July 29, 2021.
             Slain by a worm (10 damage)
             ... on level 2 of the Dungeon.
             The game lasted 00:01:15 (572 turns).

Crownlay the Chiller (Gnoll Ice Elementalist)        Turns: 572, Time: 00:01:16

Health: 0/20       AC:  2    Str:  7    XL:     2   Next: 62%
Magic:  1/7        EV: 13    Int: 14    God:
Gold:   72         SH:  0    Dex: 12    Spells: 9/10 levels left

rFire    . . .     SeeInvis +   c - +0 dagger
rCold    . . .     Faith    .   (no shield)
rNeg     . . .     Spirit   .   a - +0 robe
rPois    .         Reflect  .   (no helmet)
rElec    .         Harm     .   (no cloak)
rCorr    .         Rampage  .   (no gloves)
Will     .....                  (no boots)
Stlth    ++........             (no amulet)
HPRegen  0.06/turn              d - ring of see invisible
MPRegen  0.10/turn              (no ring)

@: no status effects
A: fangs 1, strong nose, distributed training
a: no special abilities


You were on level 2 of the Dungeon.
You visited 1 branch of the dungeon, and saw 2 of its levels.

You collected 72 gold pieces.

Inventory:

Hand Weapons
 c - a +0 dagger (weapon)
Armour
 a - a +0 robe (worn)
Jewellery
 d - a ring of see invisible (left hand)
 e - an amulet of guardian spirit
Scrolls
 b - a scroll of noise {unknown}
Potions
 f - a potion of flight {unknown}
 g - a potion of brilliance {unknown}


   Skills:
 + Level 0.5 Fighting
 + Level 0.5 Short Blades
 + Level 0.5 Long Blades
 + Level 0.5 Axes
 + Level 0.5 Maces & Flails
 + Level 0.5 Polearms
 + Level 0.5 Staves
 + Level 0.5 Slings
 + Level 0.5 Bows
 + Level 0.5 Crossbows
 + Level 0.5 Throwing
 + Level 0.5 Armour
 + Level 4.5 Dodging
 + Level 4.1 Stealth
 + Level 0.5 Shields
 + Level 0.5 Unarmed Combat
 + Level 4.9 Spellcasting
 + Level 0.3 Conjurations
 + Level 0.3 Hexes
 + Level 0.3 Summonings
 + Level 0.3 Necromancy
 + Level 0.3 Translocations
 + Level 0.3 Transmutations
 + Level 0.3 Fire Magic
 + Level 7.0 Ice Magic
 + Level 0.3 Air Magic
 + Level 0.3 Earth Magic
 + Level 0.3 Poison Magic
 + Level 0.6 Invocations
 + Level 0.5 Evocations


You had 9 spell levels left.
You knew the following spells:

 Your Spells              Type           Power      Damage    Failure   Level
a - Freeze                Ice            92%        1d10      1%          1

Your spell library contained the following spells:

 Spells                   Type           Power      Damage    Failure   Level
 Frozen Ramparts          Ice            46%        1d6       3%          3
 Ozocubu's Armour         Ice            23%        N/A       3%          3
 Hailstorm                Conj/Ice       13%        3d5       36%         4


Dungeon Overview and Level Annotations

Branches:
Dungeon (2/15)

Altars:

Annotations:
D:2 Robin


Innate Abilities, Weirdness & Mutations

You have very sharp teeth.
Your uncanny sense of smell can sniff out nearby items.
Your experience applies equally to all skills.


Message History

A hobgoblin comes into view.
You see here a jackal corpse.
There is a stone staircase leading down here.
Robin throws the goblin at you!
You freeze the goblin!
You kill the goblin!
You see here a +1 dagger of draining.
The goblin barely misses you.
You freeze the goblin.
You kill the goblin!
Things that are here:
a +0 club; a goblin corpse You hit Robin.
Robin is moderately wounded.
Robin closely misses you.
You hit Robin but do no damage.
Robin is moderately wounded.
The hobgoblin misses you. Robin completely misses you.
You hit Robin but do no damage.
Robin is moderately wounded.
The hobgoblin no longer looks unusually strong.
The hobgoblin misses you. Robin hits you with a +0 spear.
You hit Robin but do no damage.
Robin is moderately wounded.
The hobgoblin closely misses you.
Robin roars a battlecry!
The hobgoblin goes into a battle-frenzy!
You hear a shout!
You freeze Robin.
Robin is moderately wounded.
The hobgoblin barely misses you. Robin hits you with a +0 spear!
Robin barely misses you.
Robin roars a battlecry!
The hobgoblin goes into a battle-frenzy!
A worm comes into view.
An endoplasm comes into view.
The endoplasm moves out of view.
The worm bites you!
Ouch! That really hurt!
You die...

####.#.#.###.....#
.........gg......# ..
......().###g....##...#
.......g## ####g......#
##..:..># ###.g###....
#...##.†####...## ..
... ##..)...g...##.. ..
#..))..wJ.....+
...##......@....###
............#.###
...#...)....#...
.......<......#...
.......†.......#..#
............... .##
...####......... . .##
#........ #..g...!.


You could see a worm, Robin, an endoplasm and 2 hobgoblins.

Vanquished Creatures
  An endoplasm (D:1)
  7 goblins (D:2)
  A hobgoblin (D:1)
  2 jackals (D:2)
  A quokka (D:1)
  A ball python (D:1)
  A kobold (D:1)
14 creatures vanquished.

Vanquished Creatures (others)
  6 toadstools (D:1)
6 creatures vanquished.

Grand Total: 20 creatures vanquished

Notes
Turn   | Place    | Note
-------+----------+-------------------------------------------
     0 | D:1      | Crownlay the Gnoll Ice Elementalist began the quest for the
                  | Orb.
     0 | D:1      | Reached XP level 1. HP: 13/13 MP: 6/6
   523 | D:2      | Reached XP level 2. HP: 19/19 MP: 7/7
   540 | D:2      | Noticed Robin
   572 | D:2      | Slain by a worm

Illustrated notes

Levels and vault maps discovered:
D:1:      lightli_arrival_noodles, layout_rooms, minmay_hedge_maze,
          kennysheep_small_spiral, minmay_gold_behind_fungi
D:2:      layout_rooms, basic_altar, hellmonk_ecumenical_altar_slurped_away,
          uniq_robin, uniq_sigmund

Action                   || total
-------------------------++-------
Melee: Dagger            ||     9
       Unarmed           ||     2
 Cast: Freeze            ||    15
 Stab: Sleeping          ||     2
Armor: Robe              ||     4
Dodge: Dodged            ||    22
